 Dungeon Crawl Stone Soup version 0.30-a0-586-g23e55c9e0a (webtiles) character file.

Game seed: 2397110462118133460

7 flotson the Sneak (level 1, 0/18 HPs)
             Began as a Demonspawn Delver on Jan 4, 2023.
             Slain by a quokka (4 damage)
             ... on level 2 of the Dungeon.
             The game lasted 00:02:13 (272 turns).

flotson the Sneak (Demonspawn Delver)                Turns: 272, Time: 00:02:14

Health: 0/18       AC:  3    Str: 12    XL:     1   Next: 91%
Magic:  1/1        EV: 11    Int: 11    God:
Gold:   61         SH:  0    Dex: 14    Spells: 0/0 levels left

rFire   . . .      SeeInvis .    a - +0 hand axe
rCold   . . .      Faith    .    (no shield)
rNeg    . . .      Spirit   .    e - +0 leather armour
rPois   .          Reflect  .    (no helmet)
rElec   .          Harm     .    (no cloak)
rCorr   .          Rampage  .    (no gloves)
Will    .....                    (no boots)
Stlth   +++                      (no amulet)
HPRegen 0.23/turn                (no ring)
MPRegen 0.07/turn                (no ring)

@: hasted, very quick
A: no striking features
a: no special abilities


You were on level 2 of the Dungeon.
You visited 1 branch of the dungeon, and saw 4 of its levels.

You collected 61 gold pieces.

Inventory:

Hand Weapons
 a - a +0 hand axe (weapon)
 b - a +0 sling
Armour
 e - a +0 leather armour (worn)
Wands
 g - a wand of digging (2)
Scrolls
 c - a scroll of fog
 h - a scroll of immolation {unknown}
 i - a scroll of poison {unknown}
 j - a scroll of silence {unknown}
Potions
 d - a potion of attraction {unknown}


   Skills:
 + Level 3.0 Fighting
 + Level 1.9 Axes
 + Level 0.2 Armour
 + Level 1.9 Dodging
 + Level 4.6 Stealth
 + Level 0.3 Evocations


You couldn't memorise any spells.
You didn't know any spells.
Your spell library was empty.

Dungeon Overview and Level Annotations

Branches:
Dungeon (5/15)
 Temple: D:4-7

Altars:

Shops:
D:5 *


Message History

The ball python constricts you.
You hit the ball python.
You kill the ball python!
You slash the hobgoblin!
You kill the hobgoblin!
The goblin unwields a +0 dagger.
The goblin wields a +0 sling.
The goblin shoots a sling bullet.
The sling bullet misses you.
A quokka comes into view.
Things that are here:
a hobgoblin corpse; a ball python corpse You barely miss the goblin.
The goblin unwields a +0 sling.
The goblin wields a +0 dagger.
The goblin hits you but does no damage.
You hit the goblin.
The goblin is severely wounded.
The goblin hits you but does no damage.
You hit the goblin.
You kill the goblin!
There is a stone staircase leading down here.
Things that are here:
a hobgoblin corpse; a ball python corpse
Things that are here:
a +0 dagger; a +0 sling; a goblin corpse
e - a +0 sling Adjust to which letter? (? for menu, Esc to quit)
b - a +0 sling;
e - a +0 leather armour (worn)
You closely miss the quokka. The quokka bites you.
* * * LOW HITPOINT WARNING * * *
You hit the quokka.
The quokka is lightly wounded.
The quokka barely misses you.
You miss the quokka.
The quokka is lightly wounded.
The quokka bites you but does no damage.
You barely miss the quokka.
The quokka is lightly wounded.
The quokka closely misses you.
You miss the quokka.
The quokka is lightly wounded.
The quokka bites you.
You die...

### .. . ..
.. # .#.#
#. ....
#.###..####
#...r......
###@.#####
#>†.......#
####.##.#..
.# # .. ###


You could see a quokka.

Vanquished Creatures
  An orc (D:5)
  A ball python (D:2)
  An endoplasm (D:4)
  A goblin (D:2)
  A hobgoblin (D:2)
5 creatures vanquished.

Vanquished Creatures (others)
  2 withered plants (D:5)
2 creatures vanquished.

Grand Total: 7 creatures vanquished

Notes
Turn   | Place    | Note
-------+----------+-------------------------------------------
     0 | D:5      | flotson the Demonspawn Delver began the quest for the Orb.
     0 | D:5      | Reached XP level 1. HP: 18/18 MP: 1/1
    17 | D:5      | Noticed an orc priest
    32 | D:5      | Noticed a black bear
    40 | D:5      | Found Gaimo's General Store.
    89 | D:5      | Noticed an orc priest
   110 | D:4      | Noticed an orc priest
   114 | D:4      | Noticed a jelly
   272 | D:2      | Slain by a quokka

Illustrated notes

Levels and vault maps discovered:
D:2:      layout_basic, serial_shops, nicolae_shop_behind_doors,
          minmay_misc_feat_more_columns, chequers_serial_rivers_large_b,
          patterned_corridor
D:3:      due_chaos_kobolds, layout_basic, portal_sewer_entry_f
D:4:      cheibrodos_old_hovel, layout_rooms, temple_doors_e, minmay_misc_feat_x
D:5:      layout_layer_cave, grunt_temple_overflow_forces_of_nature,
          kiku_gazebo_garden_becter, nicolae_yredelemnul_corpse_copse,
          grunt_gozag_statues, lightli_ossuary_entry_decrepit_ruins,
          serial_shops, nicolae_inconvenience_store, nicolae_shop_hallway_plus

Action                   || total
-------------------------++-------
Melee: Hand axe          ||    22
Evoke: Wand              ||     1
  Use: Scroll            ||     2
       Potion            ||     1
Armor: Leather armour    ||    10
Dodge: Dodged            ||    22

Table legend: (Time is in decaauts)
 A = Elapsed time spent in this place.
 B = Non-inter-level travel time spent in this place.
 C = Inter-level travel time spent in this place.
 D = Time resting spent in this place.
 E = Time spent auto-exploring this place.
 F = Levels seen in this place.
 G = Mean time per level.
                   A        B        C        D        E       F      G
               +--------+--------+--------+--------+--------+-----+--------+
         Total |    270 |    270 |      0 |      0 |    114 |   4 |   67.5 |
       Dungeon |    270 |    270 |      0 |      0 |    114 |   4 |   67.5 |
               +--------+--------+--------+--------+--------+-----+--------+

Top non-repeatable levels by time:
     D:5: 111 daAuts
     D:3: 98 daAuts
     D:4: 45 daAuts
     D:2: 14 daAuts
